 Dungeon Crawl Stone Soup version 0.20-a0-277-g7db01f4 (webtiles) character file.

53 FitzyFitz the Skirmisher (level 3, -9/24 HPs)
             Began as a Tengu Monk on Dec 12, 2016.
             Killed by divine providence
             ... invoked by an orc priest
              (17 damage)
             ... on level 3 of the Dungeon.
             The game lasted 00:03:47 (2234 turns).

FitzyFitz the Skirmisher (Tengu Monk)               Turns: 2234, Time: 00:03:48

Health: -9/24      AC:  6    Str: 12    XL:     3   Next: 89%
Magic:  4/4        EV: 10    Int: 15    God:
Gold:   144        SH:  0    Dex: 16    Spells: 2/2 levels left

rFire  . . .     SeeInvis .     a - +0 spear
rCold  . . .     Gourm    .     k - +0 scale mail
rNeg   . . .     Faith    .     (no shield)
rPois  .         Spirit   .     (helmet restricted)
rElec  .         Reflect  .     (no cloak)
rCorr  .         Harm     .     (no gloves)
MR     .....                    (boots unavailable)
Stlth  +.........               (no amulet)
                                (no ring)
                                (no ring)

@: brilliant
A: beak, talons 3
a: no special abilities


You were on level 3 of the Dungeon.
You were not hungry.

You visited 1 branch of the dungeon, and saw 3 of its levels.

You collected 144 gold pieces.

Inventory:

Hand Weapons
 a - a +0 spear (weapon)
Missiles
 d - 87 stones (quivered)
Armour
 b - a +0 robe
 k - a +0 scale mail (worn)
 u - a +0 plate armour
Scrolls
 f - a scroll of random uselessness {unknown}
 h - 2 scrolls of remove curse {unknown}
 i - 2 scrolls of fear {unknown}
 m - a scroll of noise {unknown}
 n - 2 scrolls of enchant weapon {unknown}
 o - a scroll of recharging {unknown}
 r - a scroll of identify {unknown}
Potions
 q - a potion of mutation {unknown}
 s - 2 potions of curing {unknown}
 t - a potion of invisibility {unknown}
Comestibles
 c - 3 bread rations
 l - 3 meat rations
 p - 2 chunks of flesh


   Skills:
 + Level 4.6 Fighting
 - Level 3.2 Polearms
 + Level 0.2 Armour
 - Level 3.2 Dodging
 - Level 2.0 Stealth


You had 2 spell levels left.
You didn't know any spells.

Dungeon Overview and Level Annotations

Branches:
Dungeon (3/15)

Altars:
Nemelex Xobeh


Innate Abilities, Weirdness & Mutations

You have a beak for a mouth.
You have claws for feet.


Message History

You feel clever all of a sudden. The orc barely misses you.
You hit the orc but do no damage. You peck the orc.
The orc is almost dead.
The orc hits you but does no damage.
An orc comes into view.
You hit the orc but do no damage. You peck the orc, but do no damage.
The orc is almost dead.
The orc closely misses you.
The orc priest miscasts a cantrip.
You hit the orc but do no damage. You claw the orc, but do no damage.
The orc is almost dead.
The orc hits you with a short sword.
You barely miss the orc. Your peck misses the orc.
The orc is almost dead.
The orc hits you but does no damage.
The orc priest mumbles some strange prayers to Beogh against you.
Beogh smites you!
Ouch! That really hurt!
You die...

... ..# #.# #.#
##.####.##########
.................#
####
##.###.%...oo###.#
....
........####o#
#.## #...
..........##@#
#..# #.##
..........##.#
##.# #.#.
#......#####.#
#.## #.#. #.!....
#.# #..##....#...
#...o.# ###
##.##.#..###.
#..... #.##.#..#
#. ##.###
#.##.#..# #.
#..#.#..####
##.#.#......


You could see an orc priest and 2 orcs.

Vanquished Creatures
  An adder (D:2)
  2 worms
  A dart slug (D:1)
  2 leopard geckos (D:2)
  7 bats
  A giant cockroach (D:3)
  3 goblins
  7 hobgoblins
  2 jackals (D:2)
  A kobold (D:3)
  9 rats
36 creatures vanquished.

Notes
Turn   | Place    | Note
-------+----------+-------------------------------------------
     0 | D:1      | FitzyFitz the Tengu Monk began the quest for the Orb.
     0 | D:1      | Reached XP level 1. HP: 14/14 MP: 2/2
    81 | D:1      | Reached XP level 2. HP: 17/19 MP: 3/3
  1072 | D:1      | Reached skill level 4 in Fighting
  1277 | D:2      | Reached XP level 3. HP: 19/24 MP: 4/4
  1398 | D:2      | Found a sparkling altar of Nemelex Xobeh.
  2234 | D:3      | Killed from afar by an orc priest

Vault maps used:
D:1:      dpeg_arrival_erosion, minmay_misc_feat_hallway, hangedman_glass_teeth
D:2:      old_standard_altar
D:3:      kennysheep_goblin_castle, gammafunk_temple_overflow_elements,
          small_statue_intersection

Skill      XL: |  1  2 |
---------------+-------+-----
Fighting       | 4 |  4.6
Polearms       | |  3.2
Armour         | |  0.2
Dodging        | |  3.2
Stealth        | |  2.0

Action                   || total
-------------------------++-------
Melee: Spear             ||   165
       Kick              ||    28
       Peck              ||    18
  Use: Potion            ||     3
 Stab: Sleeping          ||     6
  Eat: Chunk             ||     3
       Meat ration       ||     1
Armor: Robe              ||    11
       Scale mail        ||    26
Dodge: Dodged            ||    61
